SAL
GREENSBORO GRASSHOPPERS @ ROME FIREBIRDS
09/23/2025
 
TOP OF THE 1ST
Cleveland Spiders batting - Pitching for Vancouver Aurora : RHP Bert Gooderston
Pitching: RHP Bert Gooderston
Batting: RHB Tito Polo 0-0: Ball
1-0: Ball
2-0: Ball
3-0: Base on Balls
Batting: RHB Liam Thompson 0-0: Ball
1-0: Foul Ball, location: 2F
1-1: Swinging Strike
1-2: DOUBLE (Line Drive, 78D, EV 103.8 MPH)
Tito Polo to third
Batting: RHB Ernie Jones 0-0: Ball
1-0: Ball
2-0: Foul Ball, location: 3F
2-1: Ball
3-1: Called Strike
3-2: Fly out, F5 (Popup, 5F, EV 65.0 MPH)
Batting: RHB Li-Jen Chu 0-0: SINGLE (Groundball, 4MS, EV 65.0 MPH) (infield hit)
Tito Polo scores
Liam Thompson to third
Batting: LHB Joe Wendle 0-0: Called Strike
0-1: Ball
1-1: Ball
2-1: Foul Ball, location: 23F
2-2: Foul Ball, location: 2F
2-2: Strikes out looking
Batting: RHB Marcell Ozuna 0-0: Fly out, F9 (Flyball, 89M, EV 93.8 MPH)
Top of the 1st over - 1 run, 2 hits, 0 errors, 2 left on base; Cleveland 1 - Vancouver 0
BOTTOM OF THE 1ST
Vancouver Aurora batting - Pitching for Cleveland Spiders : RHP Pierce Johnson
Pitching: RHP Pierce Johnson
Batting: RHB Jeff Adams 0-0: Fly out, F7 (Flyball, 7, EV 86.3 MPH)
Batting: LHB Alan O'Keefe 0-0: Foul Ball, location: 2F
0-1: Fly out, F9 (Line Drive, 9S, EV 92.5 MPH)
Batting: RHB Darrell Taylor 0-0: Called Strike
0-1: Ball
1-1: Ball
2-1: Ball
3-1: Called Strike
3-2: Strikes out looking
Bottom of the 1st over - 0 runs, 0 hits, 0 errors, 0 left on base; Cleveland 1 - Vancouver 0
TOP OF THE 2ND
Cleveland Spiders batting - Pitching for Vancouver Aurora : RHP Bert Gooderston
Batting: LHB Joe Young 0-0: Ball
1-0: SINGLE (Line Drive, 9S, EV 109.4 MPH)
Batting: RHB Juan González 0-0: Called Strike
0-1: Bunted foul
0-2: Fielders Choice at 2nd, 3-6 (Groundball, 34S, EV 88.8 MPH)
Batting: RHB Ben Ramsey 0-0: Ball
1-0: Ball
2-0: Bunted foul
2-1: Swinging Strike
2-2: Strikes out swinging
Batting: RHB Tito Polo 0-0: Called Strike
0-1: Ball
1-1: Foul Ball, location: 2F
1-2: Fly out, F8 (Flyball, 8RXD, EV 99.4 MPH)
Top of the 2nd over - 0 runs, 1 hit, 0 errors, 1 left on base; Cleveland 1 - Vancouver 0
BOTTOM OF THE 2ND
Vancouver Aurora batting - Pitching for Cleveland Spiders : RHP Pierce Johnson
Batting: LHB Steve Charles 0-0: Foul Ball, location: 3F
0-1: Called Strike
0-2: Ball
1-2: Strikes out looking
Batting: RHB Luis Alvarado 0-0: Ball
1-0: SINGLE (Groundball, 3D, EV 95.6 MPH)
Batting: LHB Jeff Edwards 0-0: Foul Ball, location: 2F
0-1: Ball
1-1: Called Strike
1-2: Ball
2-2: Strikes out looking
Batting: RHB Rodrigo Martínez 0-0: Called Strike
0-1: Ball
1-1: Ball
2-1: Swinging Strike
2-2: Foul Ball, location: 3FF
2-2: Fly out, F6 (Popup, 56, EV 76.9 MPH)
Bottom of the 2nd over - 0 runs, 1 hit, 0 errors, 1 left on base; Cleveland 1 - Vancouver 0
TOP OF THE 3RD
Cleveland Spiders batting - Pitching for Vancouver Aurora : RHP Bert Gooderston
Batting: RHB Liam Thompson 0-0: Ball
1-0: Ball
2-0: Called Strike
2-1: Foul Ball, location: 9LMF
2-2: Foul Ball, location: 25FF
2-2: Foul Ball, location: 9LSF
2-2: Fly out, F8 (Flyball, 8LM, EV 96.9 MPH)
Batting: RHB Ernie Jones 0-0: Ball
1-0: Ball
2-0: Called Strike
2-1: SINGLE (Line Drive, 8RS, EV 95.6 MPH)
Batting: RHB Li-Jen Chu 0-0: Grounds into double play, 4-6-3 (Groundball, 4, EV 110.0 MPH)
Top of the 3rd over - 0 runs, 1 hit, 0 errors, 0 left on base; Cleveland 1 - Vancouver 0
BOTTOM OF THE 3RD
Vancouver Aurora batting - Pitching for Cleveland Spiders : RHP Pierce Johnson
Batting: LHB Jeff Abbott 0-0: Ball
1-0: Fly out, F8 (Flyball, 8RXD, EV 110.0 MPH)
Batting: RHB Tristan Donahue 0-0: Ground out 6-3 (Groundball, 6, EV 87.5 MPH)
Batting: RHB Jeff Adams 0-0: Foul Ball, location: 2RF
0-1: Ground out 5-3 (Groundball, 56S, EV 76.3 MPH)
Bottom of the 3rd over - 0 runs, 0 hits, 0 errors, 0 left on base; Cleveland 1 - Vancouver 0
TOP OF THE 4TH
Cleveland Spiders batting - Pitching for Vancouver Aurora : RHP Bert Gooderston
Pitching: RHP Bob Yoder
Batting: LHB Joe Wendle 0-0: Ball
1-0: Ball
2-0: Ball
3-0: Called Strike
3-1: DOUBLE (Line Drive, 78D, EV 109.4 MPH)
Batting: RHB Marcell Ozuna 0-0: Foul Ball, location: 2F
0-1: Foul Ball, location: 23FF
0-2: Ball
1-2: Strikes out looking
Batting: LHB Joe Young 0-0: Called Strike
0-1: Foul Ball, location: 7LDF
0-2: Fly out, F9 (Flyball, 9, EV 92.5 MPH)
Batting: RHB Juan González 0-0: Called Strike
0-1: Ball
1-1: Ball
2-1: Ball
Wild Pitch!
Joe Wendle to third
3-1: SINGLE (Groundball, 4S, EV 72.5 MPH) (infield hit)
Joe Wendle scores
Batting: RHB Ben Ramsey 0-0: Foul Ball, location: 2F
0-1: Fielders Choice at 2nd, 6-4 (Groundball, 6, EV 80.0 MPH)
Top of the 4th over - 1 run, 2 hits, 0 errors, 1 left on base; Cleveland 2 - Vancouver 0
BOTTOM OF THE 4TH
Vancouver Aurora batting - Pitching for Cleveland Spiders : RHP Pierce Johnson
Batting: LHB Alan O'Keefe 0-0: Ball
1-0: Ball
2-0: Ball
3-0: Base on Balls
Batting: RHB Darrell Taylor 0-0: Ball
1-0: Ball
2-0: Called Strike
2-1: Foul Ball, location: 25F
2-2: Foul Ball, location: 2F
2-2: Ball
3-2: SINGLE (Flyball, 34D, EV 93.1 MPH)
Alan O'Keefe to second
Batting: LHB Steve Charles 0-0: Ball
1-0: Called Strike
1-1: Fielders Choice at 2nd, 1-4 (Groundball, 25, EV 68.8 MPH)
Alan O'Keefe to third
Batting: RHB Luis Alvarado 0-0: Ball
1-0: Foul Ball, location: 5F
1-1: Ball
2-1: Foul Ball, location: 2F
2-2: Foul Ball, location: 2F
2-2: Ball
3-2: Ground out 5-3 (Groundball, 56S, EV 71.3 MPH)
Alan O'Keefe scores
Steve Charles to second
Batting: LHB Jeff Edwards 0-0: Called Strike
0-1: Ball
1-1: Ball
2-1: Ball
3-1: Called Strike
3-2: Foul Ball, location: 9LSF
3-2: Foul Ball, location: 9LDF
3-2: Foul Ball, location: 25FF
3-2: Foul Ball, location: 3FF
3-2: Fly out, F8 (Flyball, 8RS, EV 90.6 MPH)
Bottom of the 4th over - 1 run, 1 hit, 0 errors, 1 left on base; Cleveland 2 - Vancouver 1
TOP OF THE 5TH
Cleveland Spiders batting - Pitching for Vancouver Aurora : RHP Bob Yoder
Now at C: Kris Thompson
Now at 3B: Christopher Torres
Pinch Hitting: RHB Jesús Castro 0-0: Ball
1-0: Fly out, F8 (Flyball, 8LXD, EV 106.3 MPH)
Batting: RHB Cecilio Aybar 0-0: Called Strike
0-1: Ground out 4-3 (Groundball, 4, EV 85.6 MPH)
Batting: RHB Ernie Jones 0-0: Called Strike
0-1: Ball
1-1: Foul Ball, location: 2F
1-2: Ground out 6-3 (Groundball, 6D, EV 102.5 MPH)
Top of the 5th over - 0 runs, 0 hits, 0 errors, 0 left on base; Cleveland 2 - Vancouver 1
BOTTOM OF THE 5TH
Vancouver Aurora batting - Pitching for Cleveland Spiders : RHP Pierce Johnson
Now in LF: Jesús Castro
Batting: RHB Rodrigo Martínez 0-0: Foul Ball, location: 2F
0-1: Ball
1-1: Swinging Strike
1-2: Strikes out looking
Batting: LHB Jeff Abbott 0-0: Ball
1-0: Foul Ball, location: 7LMF
1-1: Called Strike
1-2: Strikes out swinging
Batting: RHB Tristan Donahue 0-0: Swinging Strike
0-1: Ball
1-1: Ball
2-1: Ball
3-1: Foul Ball, location: 23F
3-2: Strikes out looking
Bottom of the 5th over - 0 runs, 0 hits, 0 errors, 0 left on base; Cleveland 2 - Vancouver 1
TOP OF THE 6TH
Cleveland Spiders batting - Pitching for Vancouver Aurora : RHP Bob Yoder
Pitching: LHP Kodi Medeiros
Batting: RHB Li-Jen Chu 0-0: Ball
1-0: Ball
2-0: Called Strike
2-1: Swinging Strike
2-2: Ball
3-2: Base on Balls
Batting: LHB Joe Wendle 0-0: Ball
1-0: Ball
2-0: Ball
3-0: Called Strike
3-1: Fly out, F5 (Popup, 5S, EV 79.4 MPH)
Batting: RHB Marcell Ozuna 0-0: Ball
1-0: SINGLE (Line Drive, 4MD, EV 98.1 MPH)
Li-Jen Chu to second
Batting: LHB Joe Young 0-0: Fly out, F9 (Flyball, 9, EV 88.1 MPH)
Runner from 2nd tags up, SAFE at 3rd with throw by RF
Batting: RHB Juan González 0-0: Foul Ball, location: 5DF
0-1: Swinging Strike
0-2: Ball
1-2: Fly out, F6 (Popup, 6D, EV 46.9 MPH)
Top of the 6th over - 0 runs, 1 hit, 0 errors, 2 left on base; Cleveland 2 - Vancouver 1
BOTTOM OF THE 6TH
Vancouver Aurora batting - Pitching for Cleveland Spiders : RHP Pierce Johnson
Pitching: RHP Ramon M. Rodriguez
Now at C: Brett Austin
Batting: SHB Christopher Torres 0-0: Ball
1-0: Foul Ball, location: 2F
1-1: Ball
2-1: Foul Ball, location: 2F
2-2: Foul Ball, location: 25FF
2-2: SINGLE (Line Drive, 8RS, EV 100.6 MPH)
Pinch Hitting: RHB Dusty Lawrence 0-0: Ball
1-0: Ball
2-0: Called Strike
2-1: Ball
3-1: Ball
Christopher Torres to second
Batting: RHB Kris Thompson 0-0: Called Strike
0-1: Foul Ball, location: 9LMF
0-2: Ball
1-2: Strikes out looking
Pinch Hitting: LHB Freddie Freeman 0-0: Ball
1-0: Swinging Strike
1-1: Swinging Strike
1-2: Strikes out swinging
Pinch Hitting: RHB Ric Rose 0-0: Foul Ball, location: 2LF
0-1: Ball
1-1: Fly out, F9 (Line Drive, 9S, EV 83.8 MPH)
Bottom of the 6th over - 0 runs, 1 hit, 0 errors, 2 left on base; Cleveland 2 - Vancouver 1
TOP OF THE 7TH
Cleveland Spiders batting - Pitching for Vancouver Aurora : LHP Kodi Medeiros
Pitching: RHP Doug Harvey
Now at 1B: Freddie Freeman
Now at 2B: Lou Smith
Now in LF: Ric Rose
Now in CF: Dusty Lawrence
Now in RF: Jeff Abbott
Batting: RHB Ben Ramsey 0-0: Ball
1-0: Called Strike
1-1: Ball
2-1: Foul Ball, location: 9LSF
2-2: Ground out 6-3 (Groundball, 6D, EV 97.5 MPH)
Batting: RHB Jesús Castro 0-0: Called Strike
0-1: Swinging Strike
0-2: Fly out, F7 (Flyball, 7LS, EV 92.5 MPH)
Batting: RHB Cecilio Aybar 0-0: Foul Ball, location: 7LDF
0-1: Foul Ball, location: 2F
0-2: Ball
1-2: Fly out, F8 (Flyball, 89D, EV 102.5 MPH)
Top of the 7th over - 0 runs, 0 hits, 0 errors, 0 left on base; Cleveland 2 - Vancouver 1
BOTTOM OF THE 7TH
Vancouver Aurora batting - Pitching for Cleveland Spiders : RHP Ramon M. Rodriguez
Pitching: RHP Taylor Cole
Batting: LHB Wes Erickson 0-0: SOLO HOME RUN (Flyball, 9D, EV 97.5 MPH), Distance : 368 ft
Pinch Hitting: RHB Edgardo Franco 0-0: Called Strike
0-1: Foul Ball, location: 3F
0-2: Foul Ball, location: 9LDF
0-2: Ball
1-2: Ground out U3 (Groundball, 34, EV 91.9 MPH)
Pinch Hitting: LHB Chris McFall 0-0: Ball
1-0: Foul Ball, location: 2F
1-1: Ground out U3 (Groundball, 34, EV 95.6 MPH)
Batting: RHB Lou Smith 0-0: Called Strike
0-1: Called Strike
0-2: Foul Ball, location: 9LSF
0-2: Ball
1-2: Foul Ball, location: 2F
1-2: Ball
2-2: Foul Ball, location: 3F
2-2: Ball
3-2: Strikes out swinging
Bottom of the 7th over - 1 run, 1 hit, 0 errors, 0 left on base; Cleveland 2 - Vancouver 2
TOP OF THE 8TH
Cleveland Spiders batting - Pitching for Vancouver Aurora : RHP Doug Harvey
Pitching: RHP Ben Anderson
Now at SS: Edgardo Franco
Now in RF: Chris McFall
Batting: RHB Ernie Jones 0-0: Ball
1-0: Ball
2-0: Called Strike
2-1: Ground out 6-3 (Groundball, 56D, EV 103.8 MPH)
Batting: RHB Li-Jen Chu 0-0: Ball
1-0: Called Strike
1-1: Ball
2-1: SINGLE (Line Drive, 8LS, EV 99.4 MPH)
Batting: LHB Joe Wendle 0-0: Ball
1-0: Ball
2-0: Called Strike
2-1: Ball
3-1: Called Strike
3-2: Base on Balls
Li-Jen Chu to second
Pitching: RHP Raquel Quental
Batting: RHB Marcell Ozuna 0-0: Called Strike
0-1: Foul Ball, location: 2RF
0-2: Strikes out swinging
Batting: LHB Joe Young 0-0: Ball
1-0: Called Strike
1-1: Ball
2-1: Ground out 4-3 (Groundball, 4, EV 85.0 MPH)
Top of the 8th over - 0 runs, 1 hit, 0 errors, 2 left on base; Cleveland 2 - Vancouver 2
BOTTOM OF THE 8TH
Vancouver Aurora batting - Pitching for Cleveland Spiders : RHP Taylor Cole
Pitching: RHP José Fuentes
Batting: SHB Christopher Torres 0-0: Ball
1-0: Ball
2-0: SINGLE (Popup, 3D, EV 46.9 MPH)
Pinch Hitting: SHB José Rodríguez 0-0: Ball
1-0: Ball
2-0: DOUBLE (Groundball, 3L, EV 103.8 MPH)
Christopher Torres to third
Pinch Hitting: LHB Norberto Zavala 0-0: Ball
1-0: Foul Ball, location: 2F
1-1: Ball
2-1: Ball
3-1: Foul Ball, location: 3F
3-2: DOUBLE (Line Drive, 78D, EV 111.3 MPH)
Christopher Torres scores
José Rodríguez scores
Batting: LHB Freddie Freeman 0-0: Intentional Walk
Batting: RHB Ric Rose 0-0: Called Strike
0-1: Ball
1-1: Ball
2-1: Grounds into double play, 6-4-3 (Groundball, 6, EV 108.1 MPH)
Norberto Zavala to third
Batting: LHB Wes Erickson 0-0: Called Strike
0-1: Ball
1-1: Ball
2-1: Fly out, F3 (Line Drive, 3, EV 71.9 MPH)
Bottom of the 8th over - 2 runs, 3 hits, 0 errors, 1 left on base; Cleveland 2 - Vancouver 4
TOP OF THE 9TH
Cleveland Spiders batting - Pitching for Vancouver Aurora : RHP Raquel Quental
Now at C: Rainis Silva
Now in LF: Tim Nolan
Now in CF: Ric Rose
Batting: SHB Brett Austin 0-0: Called Strike
0-1: Called Strike
0-2: Strikes out looking
Batting: RHB Ben Ramsey 0-0: Called Strike
0-1: Ball
1-1: Fly out, F9 (Flyball, 9LM, EV 101.3 MPH)
Batting: RHB Jesús Castro 0-0: Foul Ball, location: 2F
0-1: Ball
1-1: Called Strike
1-2: Foul Ball, location: 9LMF
1-2: Strikes out looking
Top of the 9th over - 0 runs, 0 hits, 0 errors, 0 left on base; Cleveland 2 - Vancouver 4
Monday, September 29th , 2025 - OOTP Baseball 26.7 Build 77